 Dungeon Crawl Stone Soup version 0.21-a0-132-g076efaf (webtiles) character file.

11 Leszczynek the Vexing (level 2, 10/21 HPs)
             Began as a Gnoll Arcane Marksman on July 17, 2017.
             Quit the game on level 1 of the Dungeon.
             The game lasted 00:02:19 (293 turns).

Leszczynek the Vexing (Gnoll Arcane Marksman)        Turns: 293, Time: 00:02:20

Health: 10/21      AC:  2    Str:  7    XL:     2   Next: 25%
Magic:  3/4        EV: 15    Int:  7    God:
Gold:   22         SH:  0    Dex:  7    Spells: 3/4 levels left

rFire    . . .     SeeInvis .   a - +0 shortbow
rCold    . . .     Gourm    .   (shield currently unavailable)
rNeg     . . .     Faith    .   e - +0 robe
rPois    .         Spirit   .   (no helmet)
rElec    .         Reflect  .   (no cloak)
rCorr    .         Harm     .   (no gloves)
MR       .....                  (no boots)
Stlth    +.........             (no amulet)
HPRegen  0.07/turn              h - +3 ring of evasion
MPRegen  0.09/turn              (no ring)

@: quite poisoned (10 -> 5)
A: unchanging attributes, fangs 1, strong nose
a: no special abilities


You were on level 1 of the Dungeon.
You were not hungry.

You visited 1 branch of the dungeon, and saw 2 of its levels.

You collected 22 gold pieces.

Inventory:

Hand Weapons
 a - a +0 shortbow (weapon)
Missiles
 f - 30 arrows (quivered)
Armour
 e - a +0 robe (worn)
Jewellery
 h - a +3 ring of evasion (left hand)
Scrolls
 b - 3 scrolls of identify {unknown}
 i - a scroll of recharging {unknown}
Potions
 g - a potion of flight {unknown}
Books
 c - a book of Debilitation

   Spells                             Type                      Level
   a - Corona                         Hexes                        1
   b - Slow                           Hexes                        2
   c - Inner Flame                    Hexes/Fire                   3
   d - Portal Projectile              Hexes/Translocation          3
   e - Cause Fear                     Hexes                        4
   f - Leda's Liquefaction            Hexes/Earth                  4
Comestibles
 d - a bread ration


   Skills:
 - Level 1.3 Fighting
 + Level 3.8 Bows
 - Level 2.6 Dodging
 - Level 1.5 Spellcasting
 - Level 4.0 Hexes


You had 3 spell levels left.
You knew the following spells:

 Your Spells              Type           Power        Failure   Level  Hunger
a - Corona                Hex            #......      8%          1    ##.....


Dungeon Overview and Level Annotations

Branches:
Dungeon (2/15)

Altars:

Annotations:
D:2 Sigmund


Innate Abilities, Weirdness & Mutations

Your physical attributes are unchanging.
You have very sharp teeth.
Your uncanny sense of smell can sniff out nearby items.


Message History

Aim: an adder (moderately wounded, softly glowing)
You shoot an arrow. The arrow barely misses the adder.
The adder completely misses you. The kobold hits you but does no damage.
Sigmund the Dreaded comes into view.
He is wielding a scythe.
Firing (i - inventory):
f - 31 arrows (quivered)
Press: ? - help, Shift-Dir - straight line, f/p - adder
Aim: an adder (moderately wounded, softly glowing)
You shoot an arrow.
Sigmund shouts!
The arrow hits the adder but does no damage.
The adder is moderately wounded.
The adder bites you.
You are poisoned.
The adder poisons you! The kobold closely misses you. The adder bites you.
Unknown command.
You feel sick. The kobold hits you but does no damage. The adder misses you.
You climb upwards.
You feel sick.
There is a stone staircase leading down here.
Unknown command.
Are you sure you want to abandon this character and quit the game? (Confirm with "yes".)

. ####.#......#........##
#.#.####....#####..#
#.#.######((....##.###
#...#.....(.....##....
#####.##.†..##########....
#........#.## #.###
##.....#.####.# #.# ##.
..#..........## ####.# ...
...####..S@..### ###....# .##.
#### ####K#...###...###### ......
..................>.. .....#
###..#####..##.###### #..#.#
##............# #....#
####..........####
....#######......######..########
..[##.......#....## ##......##.
#..#..######...#..######.........


You could see an adder and a kobold.

Vanquished Creatures
  A dart slug (D:1)
  4 hobgoblins (D:1)
  A bat (D:1)
  2 kobolds (D:1)
8 creatures vanquished.

Notes
Turn   | Place    | Note
-------+----------+-------------------------------------------
     0 | D:1      | Leszczynek the Gnoll Arcane Marksman began the quest for the Orb.
     0 | D:1      | Reached XP level 1. HP: 15/15 MP: 3/3
     0 | D:1      | okaaaaay
     0 | D:1      | let's go
     0 | D:1      | i imagine UC with these is incredible despite the retarded Str
    45 | D:1      | Reached skill level 3 in Bows
   135 | D:1      | Reached XP level 2. HP: 19/21 MP: 4/4
   290 | D:2      | Noticed Sigmund
   293 | D:1      | Quit the game

Vault maps used:
D:1:      mrwooster_arrival_arrow
D:2:      fedhas_altar_fruit_tree, lemuel_coloured_pillars_altar, first_bread,
          minmay_tromino_i2, uniq_crazy_yiuf_cottage, uniq_natasha, uniq_sigmund

Skill      XL: |  1 |
---------------+----+-----
Bows           | 3 |  3.8
Fighting       | |  1.3
Dodging        | |  2.6
Spellcasting   | |  1.5
Hexes          | |  4.0

Action                   || total
-------------------------++-------
 Fire: Shortbow          ||    34
 Cast: Corona            ||     4
Armor: Robe              ||     6
Dodge: Dodged            ||    14
